 Dungeon Crawl Stone Soup version 0.27-a0-1189-gb8eb6cee8e (webtiles) character file.

Game seed: 11324155145950092886

947 Zonian the Charlatan (level 8, 0/50 (54) HPs)
             Began as an Octopode Artificer on May 23, 2021.
             Was a Believer of Nemelex Xobeh.
             Slain by a sky beast (4 damage)
             ... on level 5 of the Dungeon.
             The game lasted 00:18:33 (7011 turns).

Zonian the Charlatan (Octopode Artificer)           Turns: 7011, Time: 00:18:34

HP:   0/50 (54)     AC:  1    Str: 13    XL:     8   Next: 13%
MP:   8/8           EV: 13    Int: 20    God:    Nemelex Xobeh [**....]
Gold: 185           SH:  4    Dex: 12    Spells: 7/7 levels left

rFire    + + .     SeeInvis .   j - +2 short sword (freeze)
rCold    . . .     Faith    .   p - +0 buckler
rNeg     . . .     Spirit   .   g - +0 hat of the Shore {*Corrode rElec rF++ Regen+}
rPois    .         Reflect  .   (no amulet)
rElec    +         Harm     .   h - +6 ring of intelligence
rCorr    .         Rampage  .   (no ring)
Will     .....                  (no ring)
Stlth    ++++......             (no ring)
HPRegen  1.16/turn              (no ring)
MPRegen  0.11/turn              (no ring)
                                (no ring)
                                (no ring)

@: drained
A: almost no armour, amphibious, 8 rings, camouflage 1, gelatinous body 1,
(nimble swimmer 1), tentacles
a: Renounce Religion, Draw Escape, Draw Destruction, Draw Summoning


You were on level 5 of the Dungeon.
You worshipped Nemelex Xobeh.
Nemelex Xobeh was pleased with you.
You visited 1 branch of the dungeon, and saw 5 of its levels.

You collected 185 gold pieces.

Inventory:

Hand Weapons
 a - a +0 club
 f - a +0 hunting sling
 j - a +2 short sword of freezing (weapon)
 l - a +0 short sword
 n - a +1 trident
 q - a +0 war axe
 r - a +2 morningstar
 s - a +4 halberd
Missiles
 e - 8 boomerangs
 o - 2 sling bullets
Armour
 g - the +0 hat of the Shore (worn) {*Corrode rElec rF++ Regen+}
   (You acquired it on level 1 of the Dungeon)

   It greatly protects you from fire.
   It insulates you from electricity.
   It increases your rate of health regeneration.
   It may corrode you when you take damage.
 p - a +0 buckler (worn)
Jewellery
 h - a +6 ring of intelligence (left tentacle)
Wands
 b - a wand of flame (5) (quivered)
 c - a wand of charming (9)
Scrolls
 i - a scroll of identify
Potions
 k - a potion of heal wounds
 m - a potion of mutation {unknown}
Miscellaneous
 d - a piece from Xom's chessboard (15/15)


   Skills:
 * Level 4.7 Fighting
 + Level 1.0 Short Blades
 - Level 0.2 Maces & Flails
 + Level 4.2 Dodging
 + Level 5.0 Stealth
 + Level 1.6 Shields
 + Level 3.1 Unarmed Combat
 + Level 5.5 Evocations


You had 7 spell levels left.
You didn't know any spells.
Your spell library contained the following spells:

 Spells                   Type           Power      Damage    Failure   Level
 Animate Skeleton         Necr           0%         N/A       26%         1
 Apportation              Tloc           0%         N/A       26%         1
 Corona                   Hex            0%         N/A       26%         1
 Summon Small Mammal      Summ           0%         N/A       26%         1


Dungeon Overview and Level Annotations

Branches:
Dungeon (5/15)
 Temple: D:4-7

Altars:
Ashenzari
Nemelex Xobeh
Trog

Annotations:
D:4 Ijyb


Innate Abilities, Weirdness & Mutations

You cannot wear most types of armour.
You are amphibious.
You can wear up to eight rings at the same time.
Your skin changes colour to match your surroundings (Stealth+).
Your rubbery body absorbs attacks. (AC +1, EV +1)
((You are camouflaged near water. (Stealth+)))
You have tentacles for arms and can constrict up to eight enemies at once.


Message History

The ogre is lightly wounded.
Fire: 3 sling bullets
Press: ? - help, Q - select action, (/) - cycle Shift-Dir - straight line, f/p - ogre
Aim: an ogre, wielding a +0 giant spiked club (lightly wounded, 74% to hit)
You shoot a sling bullet. The sling bullet hits the ogre.
The ogre is moderately wounded.
Unknown command.
Your +2 short sword of freezing glows with a cold blue light!
j - a +2 short sword of freezing (weapon)
Unknown command.
You barely miss the ogre. You tentacle-slap the ogre.
The ogre is heavily wounded.
The ogre hits you with a +0 giant spiked club!!
You hit the ogre. You freeze the ogre.
The ogre is heavily wounded.
The ogre barely misses you.
Unknown command.
You hit the ogre. You freeze the ogre.
The ogre is severely wounded.
The ogre hits you with a +0 giant spiked club!!
* * * LOW HITPOINT WARNING * * *
Unknown command.
You hit the ogre. You freeze the ogre. Your squeeze misses the ogre.
The ogre is almost dead.
You barely miss the ogre.
You tentacle-slap the ogre, but do no damage.
The ogre is almost dead.
You block the ogre's attack.
You draw a card...
You have drawn the Elixir.
You begin rapidly regenerating health and magic.
The ogre barely misses you. You block the sky beast's attack.
You closely miss the ogre.
The ogre is severely wounded.
The ogre hits you with a +0 giant spiked club!!
* * * LOW HITPOINT WARNING * * *
You block the sky beast's attack.
Unknown command.
The sky beast hits you.
You die...
Your body disappears without a glow.

.................[###........#
..............##.........#####
#............. #.............#
............# #########(....#
............#######...(......#
..####..............((..######
.#####......#.P..8#.....#
........#..###..Y.......#
..####.###......@O#.....#
.z####.###.###...##.....#
.....<.##.........#######
...............##.....#
...............###....#
...............# #...)#
..........<....###..<.#
##+##............(....#
##.###########....#


You could see a sky beast and an ogre.

Vanquished Creatures
  A hornet (D:4)
  Menkaure (D:4)
  A wolf (D:4)
  A bullfrog (D:4)
  A jelly (D:4)
  A water moccasin zombie (D:5)
  2 wights
  A bullfrog zombie (D:5)
  2 iguanas
  A scorpion zombie (D:5)
  Robin (D:3)
  3 adders
  3 gnolls (D:3)
  An ufetubus (D:4)
  An adder skeleton (D:4)
  3 worms
  2 dart slugs
  12 orcs
  8 ball pythons
  7 bats
  9 endoplasms
  4 giant cockroaches
  17 goblins
  9 hobgoblins
  4 jackals
  3 quokkas
  5 frilled lizards
  10 kobolds
  3 rats
117 creatures vanquished.

Vanquished Creatures (collateral kills)
  A centaur skeleton (D:4)
  A gnoll (D:4)
  A dart slug (D:4)
  2 ball pythons
5 creatures vanquished.

Vanquished Creatures (others)
  2 adders (D:2)
  An orc (D:3)
  2 jackals (D:1)
  3 fungi (D:5)
8 creatures vanquished.

Grand Total: 130 creatures vanquished

Notes
Turn   | Place    | Note
-------+----------+-------------------------------------------
     0 | D:1      | Zonian the Octopode Artificer began the quest for the Orb.
     0 | D:1      | Reached XP level 1. HP: 13/13 MP: 1/1
   214 | D:1      | Reached XP level 2. HP: 3/18 MP: 2/2
  1009 | D:1      | Identified a scroll of acquirement
  1009 | D:1      | Acquired the +0 hat of the Shore {*Corrode rElec rF++
                  | Regen+}
  1043 | D:1      | Reached XP level 3. HP: 23/23 MP: 3/3
  1904 | D:2      | Found a faded altar of an unknown god.
  1917 | D:2      | Became a worshipper of Nemelex Xobeh the Trickster
  1917 | D:2      | Reached * piety under Nemelex Xobeh
  1917 | D:2      | Received a gift from Nemelex Xobeh
  2558 | D:3      | Received a gift from Nemelex Xobeh
  2575 | D:3      | Reached XP level 4. HP: 28/28 MP: 4/4
  3069 | D:3      | Reached skill level 1 in Unarmed Combat
  3175 | D:3      | Noticed Robin
  3447 | D:3      | Reached XP level 5. HP: 25/34 MP: 5/5
  3519 | D:3      | Killed Robin
  3689 | D:3      | Found a broken altar of Ashenzari.
  3689 | D:3      | Found a bloodstained altar of Trog.
  3891 | D:3      | Reached ** piety under Nemelex Xobeh
  3909 | D:4      | Noticed Menkaure
  3911 | D:4      | Noticed Dowan
  3912 | D:4      | Killed Menkaure
  3913 | D:4      | Reached XP level 6. HP: 42/42 MP: 6/6
  3913 | D:4      | Noticed Duvessa
  4332 | D:4      | Noticed Ijyb
  4873 | D:4      | Received a gift from Nemelex Xobeh
  4892 | D:4      | Reached skill level 5 in Evocations
  4892 | D:4      | Reached XP level 7. HP: 23/46 MP: 7/7
  5681 | D:4      | Noticed Duvessa
  5681 | D:4      | Duvessa changed into Duvessa the hornet
  5681 | D:4      | Noticed Dowan
  5681 | D:4      | Dowan changed into Dowan the wolf
  5685 | D:4      | Killed Dowan the wolf
  5685 | D:4      | Killed Duvessa the hornet
  5686 | D:4      | Reached skill level 1 in Shields
  5984 | D:5      | Entered Level 5 of the Dungeon
  6227 | D:5      | Reached XP level 8. HP: 54/54 MP: 8/8
  6750 | D:5      | Reached skill level 1 in Short Blades
  6750 | D:5      | Reached skill level 5 in Stealth
  7011 | D:5      | Slain by a sky beast

Illustrated notes

Levels and vault maps discovered:
D:1:      psy_arrival_fountain, layout_rooms
D:2:      layout_loops_ring, ebering_ecumenical_altar_rust
D:3:      layout_loops_ring, chequers_temple_overflow_statue_of_worship,
          uniq_robin
D:4:      minmay_diamond_boxcup, layout_gridville, uniq_menkaure, uniq_duvessa,
          uniq_ijyb
D:5:      layout_rooms, serial_undead, serial_undead_e, serial_undead_a,
          serial_undead_c, serial_undead_c, kennysheep_diamond,
          uniq_crazy_yiuf_cottage

Skill      XL: |  1  2  3  4  5  6  7  8 |
---------------+-------------------------+-----
Evocations     | 4 5 |  5.5
Stealth        | 2 3 4 5 |  5.0
Dodging        | 3 4 |  4.2
Unarmed Combat | 1 2 3 |  3.1
Fighting       | 2 3 4 |  4.7
Shields        | 1 |  1.6
Short Blades   | 1 |  1.0
Maces & Flails | |  0.2

Action                   |  1- 3 |  4- 6 |  7- 9 || total
-------------------------+-------+-------+-------++-------
Melee: Club              |    93 |    28 |       ||   121
       Constrict         |    25 |    32 |    11 ||    68
       Tentacles         |    16 |    29 |     9 ||    54
       Trident           |       |   113 |    13 ||   126
       Unarmed           |       |     3 |       ||     3
       Punch             |       |     1 |     5 ||     6
       Short sword       |       |       |    43 ||    43
 Fire: Hunting sling     |       |     2 |     9 ||    11
Invok: Draw Destruction  |       |     4 |     5 ||     9
       Draw Escape       |       |       |     1 ||     1
Evoke: Wand              |    11 |     5 |       ||    16
  Use: Scroll            |     6 |     5 |     1 ||    12
       Potion            |     1 |     1 |     1 ||     3
 Stab: Sleeping          |     6 |     7 |     4 ||    17
       Distracted        |       |     1 |     1 ||     2
Armor: Skin              |    11 |     3 |     1 ||    15
Dodge: Dodged            |    69 |    86 |    53 ||   208
Block: Buckler           |       |     6 |    19 ||    25

Table legend: (Time is in decaauts)
 A = Elapsed time spent in this place.
 B = Non-inter-level travel time spent in this place.
 C = Inter-level travel time spent in this place.
 D = Time resting spent in this place.
 E = Time spent auto-exploring this place.
 F = Levels seen in this place.
 G = Mean time per level.
                   A        B        C        D        E       F      G
               +--------+--------+--------+--------+--------+-----+--------+
         Total |   7096 |   6737 |    359 |   3559 |   1423 |   5 | 1419.2 |
       Dungeon |   7096 |   6737 |    359 |   3559 |   1423 |   5 | 1419.2 |
               +--------+--------+--------+--------+--------+-----+--------+

Top non-repeatable levels by time:
     D:4: 2213 daAuts
     D:3: 1737 daAuts
     D:1: 1360 daAuts
     D:2: 1356 daAuts
     D:5: 428 daAuts
